 Dungeon Crawl Stone Soup version 0.27.1-33-g824d729ab1 (webtiles) character file.

Game seed: 16727221458892520149

7895 halfoni the Fighter (level 11, -1/119 HPs)
             Began as an Ogre Berserker on Dec 18, 2021.
             Was a High Priest of Trog.
             Slain by a ten-headed hydra (7 damage)
             ... on level 11 of the Dungeon.
             The game lasted 00:25:02 (15623 turns).

halfoni the Fighter (Ogre Berserker)               Turns: 15623, Time: 00:25:02

Health: -1/119     AC:  8    Str: 26    XL:     11   Next: 22%
Magic:  11/11      EV: 11    Int: 12    God:    Trog [*****.]
Gold:   441        SH:  5    Dex:  8    Spells: 10/10 levels left

rFire    . . .     SeeInvis .   t - +1 hand axe (vorpal)
rCold    x . .     Faith    .   (no shield)
rNeg     . . .     Spirit   .   D - +0 troll leather armour
rPois    +         Reflect  +   (helmet restricted)
rElec    +         Harm     .   c - +1 cloak {Stlth+}
rCorr    .         Rampage  .   (gloves unavailable)
Will     ++...                  (boots unavailable)
Stlth    ++........             s - amulet of reflection
HPRegen  1.29/turn              v - ring of poison resistance
MPRegen  0.12/turn              u - ring "Liukuxuq" {+Blink rElec rC- Will+ Int+4}

@: on berserk cooldown, slowed, very slow
A: large, unfitting armour, tough skin 1
a: Renounce Religion, Evoke Blink, Berserk, Trog's Hand, Brothers in Arms


You were on level 11 of the Dungeon.
You worshipped Trog.
Trog was extremely pleased with you.
You visited 1 branch of the dungeon, and saw 11 of its levels.

You collected 531 gold pieces.
You spent 90 gold pieces at shops.

Inventory:

Hand Weapons
 t - a +1 vorpal hand axe (weapon)
Armour
 c - a +1 cloak of stealth (worn)
 w - the -3 cloak "Xonat" {Dex+5}
   (You found it on level 5 of the Dungeon)

   Dex:       It affects your dexterity (+5).
 B - +0 acid dragon scales
 D - a +0 troll leather armour (worn)
Jewellery
 d - a ring of ice
 e - a ring of protection from cold
 g - an amulet of the acrobat
 s - an amulet of reflection (around neck)
 u - the ring "Liukuxuq" (right hand) {+Blink rElec rC- Will+ Int+4}
   (You found it on level 6 of the Dungeon)

   [ring of willpower]

   Int:       It affects your intelligence (+4).
   rC:        It makes you vulnerable to cold.
   rElec:     It insulates you from electricity.
   +Blink:    It lets you blink.
   Will:      It increases your willpower.
 v - a ring of poison resistance (left hand)
 y - a ring of ice
Wands
 n - a wand of iceblast (6)
 x - a wand of flame (26)
 z - a wand of mindburst (13)
 C - a wand of digging (5)
Scrolls
 b - 2 scrolls of blinking {unknown}
 j - 2 scrolls of identify
 E - a scroll of teleportation
 F - 2 scrolls of magic mapping
Potions
 a - a potion of brilliance {unknown}
 f - a potion of lignification {unknown}
 h - a potion of flight
 i - 4 potions of heal wounds
 k - a potion of cancellation {unknown}
 l - a potion of berserk rage
 m - 3 potions of mutation
 o - a potion of invisibility
 p - 6 potions of curing
 q - a potion of degeneration {unknown}
 r - a potion of resistance {unknown}
 A - a potion of haste {unknown}


   Skills:
 + Level 10.4 Fighting
 + Level 10.4 Axes
 * Level 6.2 Armour
 + Level 8.4 Dodging
 + Level 1.8 Shields


You had 10 spell levels left.
You didn't know any spells.
Your spell library was empty.

Dungeon Overview and Level Annotations

Branches:
Dungeon (11/15)            Temple (0/1) D:7            Lair (0/6) D:8
    Orc (0/2) D:10

Altars:
Hepliaklqana
Okawaru
Uskayaw
Vehumet
Xom
Yredelemnul
Zin
The Shining One

Portals:
Trove: D:10 (show slimy rune of Zot)


Innate Abilities, Weirdness & Mutations

You are too large for most types of armour.
You have tough skin. (AC +1)


Message History

The nine-headed hydra is moderately wounded.
The nine-headed hydra bites you.
The nine-headed hydra closely misses you.
The nine-headed hydra bites you but does no damage.
You block the nine-headed hydra's attack.
The nine-headed hydra closely misses you.
The nine-headed hydra bites you!
You block the nine-headed hydra's attack.
The nine-headed hydra bites you!
You block the nine-headed hydra's attack.
You chop one of the nine-headed hydra's heads off!
The eight-headed hydra grows two more!
You slash the ten-headed hydra!
The ten-headed hydra is heavily wounded.
The ten-headed hydra bites you but does no damage.
You block the ten-headed hydra's attack.
The ten-headed hydra bites you but does no damage.
You block the ten-headed hydra's attack.
The ten-headed hydra bites you. The ten-headed hydra barely misses you.
The ten-headed hydra bites you! The ten-headed hydra bites you. x2
The ten-headed hydra bites you!
You feel a strong urge to attack something.
You are no longer berserk.
You are exhausted.
You feel yourself slow down. The ten-headed hydra bites you.
The ten-headed hydra bites you but does no damage.
The ten-headed hydra bites you. The ten-headed hydra bites you!
The ten-headed hydra barely misses you. The ten-headed hydra bites you. x2
* * * LOW HITPOINT WARNING * * *
The ten-headed hydra bites you!
* * * LOW HITPOINT WARNING * * *
The ten-headed hydra bites you!
* * * LOW HITPOINT WARNING * * *
You block the ten-headed hydra's attack.
There is a stone staircase leading up here.
The ten-headed hydra closely misses you. x2
The ten-headed hydra bites you!
* * * LOW HITPOINT WARNING * * *
The ten-headed hydra bites you!
You die...

###############
#.............#
#..#########..#
#D.# #@.# #..#
#..# #..# #..#
#..# #..# #..#
#..#


You could see a ten-headed hydra.

Vanquished Creatures
  A two-headed ogre (D:10)
  An ugly thing (D:11)
  Joseph (D:7)
  A hornet (D:9)
  2 trolls
  A shadow (D:10)
  6 yaks
  A steam dragon (D:9)
  Menkaure (D:7)
  2 vampire mosquitoes (D:10)
  2 acid dragons
  A water moccasin (D:7)
  3 orc warriors
  3 ice beasts
  2 sky beasts
  An ogre (D:4)
  A necrophage (D:8)
  4 centaurs
  3 phantoms
  2 kobold brigands
  5 bullfrogs
  3 wyvern zombies
  5 scorpions
  2 killer bees (D:9)
  A howler monkey (D:7)
  8 wights
  3 centaur zombies
  3 bullfrog zombies
  3 jellies
  2 gnoll shamans (D:7)
  5 orc priests
  2 hounds
  2 iguanas
  3 centaur skeletons
  4 bullfrog skeletons
  Ijyb (D:3)
  4 orc wizards
  A hound zombie (D:5)
  2 howler monkey zombies
  5 gnolls (D:7)
  5 adders
  2 white imps (D:6)
  An adder skeleton (D:4)
  2 worms (D:2)
  5 dart slugs
  35 orcs
  5 endoplasms
  6 giant cockroaches
  6 goblins
  9 hobgoblins
  19 kobolds
  3 quokkas
  9 ball pythons
  4 bats
  6 frilled lizards
  6 rats
226 creatures vanquished.

Vanquished Creatures (others)
  A killer bee (D:9)
  An orc wizard (D:7)
2 creatures vanquished.

Grand Total: 228 creatures vanquished

Notes
Turn   | Place    | Note
-------+----------+-------------------------------------------
     0 | D:1      | halfoni the Ogre Berserker began the quest for the Orb.
     0 | D:1      | Reached XP level 1. HP: 24/24 MP: 1/1
     7 | D:1      | Found a faded altar of an unknown god.
   255 | D:1      | Reached XP level 2. HP: 32/32 MP: 2/2
   958 | D:2      | Reached XP level 3. HP: 39/40 MP: 3/3
  1317 | D:2      | Reached ** piety under Trog
  1384 | D:2      | Reached skill level 1 in Armour
  1651 | D:2      | Reached XP level 4. HP: 41/49 MP: 4/4
  2267 | D:3      | Noticed Ijyb
  2282 | D:3      | Killed Ijyb
  2790 | D:3      | Reached XP level 5. HP: 55/55 MP: 5/5
  3756 | D:4      | Reached XP level 6. HP: 52/65 MP: 6/6
  3903 | D:4      | Reached skill level 5 in Fighting
  4173 | D:4      | Found a radiant altar of Vehumet.
  4207 | D:4      | Reached skill level 5 in Axes
  4406 | D:4      | You fall into a shaft and drop 3 floors!
  4427 | D:7      | Reached *** piety under Trog
  4438 | D:7      | Reached XP level 7. HP: 72/72 MP: 7/7
  5119 | D:6      | Reached skill level 5 in Dodging
  5203 | D:6      | Identified the +1 robe of a bailey {Str+6}
  5258 | D:6      | Reached XP level 8. HP: 82/82 MP: 8/8
  5549 | D:6      | Identified the ring "Liukuxuq" {+Blink rElec rC- Will+
                  | Int+4}
  5921 | D:5      | Entered Level 5 of the Dungeon
  6153 | D:5      | Found an iron altar of Okawaru.
  6253 | D:5      | Found a glowing golden altar of the Shining One.
  6586 | D:5      | Reached XP level 9. HP: 87/92 MP: 9/9
  6665 | D:5      | Found a basalt altar of Yredelemnul.
  6745 | D:5      | Identified the -3 cloak "Xonat" {Dex+5}
  6935 | D:7      | Found a staircase to the Ecumenical Temple.
  7011 | D:7      | Noticed Menkaure
  7018 | D:7      | Killed Menkaure
  7710 | D:7      | Identified the +4 spear of Daimy {elec, +Rage MP-9 Dex+4}
  8255 | D:7      | Reached **** piety under Trog
  9211 | D:7      | Noticed Joseph
  9222 | D:7      | Killed Joseph
 10011 | D:8      | Reached XP level 10. HP: 65/104 MP: 10/10
 10598 | D:8      | Found a hide-covered altar of Uskayaw.
 11164 | D:8      | Found a staircase to the Lair.
 12059 | D:9      | Reached skill level 5 in Armour
 12438 | D:9      | Found Zin's Purification Station.
 12441 | D:9      | Found a glowing silver altar of Zin.
 12446 | D:9      | Bought a potion of curing for 90 gold pieces
 12464 | D:9      | Found a shimmering altar of Xom.
 12465 | D:9      | Found a hazy altar of Hepliaklqana.
 12466 | D:9      | Noticed a spectral ugly thing
 12508 | D:9      | Paralysed by a hornet for 3 turns
 12522 | D:9      | Paralysed by a hornet for 2 turns
 14038 | D:10     | Entered Level 10 of the Dungeon
 14334 | D:10     | Noticed a two-headed ogre
 14343 | D:10     | Killed a two-headed ogre
 14344 | D:10     | Reached skill level 10 in Fighting
 14344 | D:10     | Reached skill level 1 in Shields
 14375 | D:10     | Reached skill level 10 in Axes
 14471 | D:10     | Found a staircase to the Orcish Mines.
 14488 | D:10     | Reached XP level 11. HP: 117/117 MP: 11/11
 14884 | D:10     | Found a portal to a secret trove of treasure.
 14895 | D:10     | Reached ***** piety under Trog
 15593 | D:11     | Noticed a six-headed hydra
 15593 | D:11     | Noticed a cyan ugly thing
 15609 | D:11     | Killed a cyan ugly thing
 15623 | D:11     | Slain by a ten-headed hydra

Illustrated notes

Levels and vault maps discovered:
D:1:      mrwooster_arrival_statue_2, layout_basic,
          ebering_ecumenical_altar_sacrificial
D:2:      layout_loops_cross
D:3:      layout_loops_ring, minmay_circle_x, uniq_ijyb
D:4:      layout_rooms, lemuel_tele_altar, nicolae_ru_path_of_blood,
          minmay_stone_trees_small
D:5:      layout_rooms, tso_altar, lemuel_zombie_altar_yredelemnul,
          amcnicky_altar_gilded
D:6:      layout_basic, st_stairs_3
D:7:      minmay_octagon_keep, layout_cave_pods,
          minmay_temple_entry_stoned_glass, minmay_unpleasant_kobolds,
          uniq_joseph, uniq_menkaure
D:8:      layout_cave_pods, mainiacjoe_overflow_concentric_impassable,
          dpeg_oklobed_lair, st_stairs_7, minivault_19
D:9:      layout_basic, regret_index_temple_of_mockery, zin_purify, minivault_26
D:10:     layout_cave_pools, orc_0_dummy, special_room [special_room_orc],
          enter_trove_3
D:11:     layout_long_grid, enter_bailey_5

Skill      XL: |  1  2  3  4  5  6  7  8  9 10 11 |
---------------+----------------------------------+-----
Dodging        | 3 4 5 6 7 8 |  8.4
Armour         | 1 2 3 4 5 6 |  6.2
Axes           | 4 5 6 7 8 10 | 10.4
Fighting       | 5 6 8 10 | 10.4
Shields        | 1 |  1.8

Action                   |  1- 3 |  4- 6 |  7- 9 | 10-12 || total
-------------------------+-------+-------+-------+-------++-------
Melee: Hand axe          |   120 |   170 |   342 |   331 ||   963
Invok: Berserk           |     2 |     8 |    14 |    15 ||    39
  Use: Scroll            |       |       |    12 |       ||    12
 Stab: Sleeping          |     6 |     4 |     6 |       ||    16
Armor: Animal skin       |    37 |    45 |    30 |       ||   112
       Robe              |       |       |    77 |       ||    77
       Acid dragon scale |       |       |    12 |   116 ||   128
       Troll leather arm |       |       |       |    12 ||    12
Dodge: Dodged            |    57 |   125 |   196 |   166 ||   544
Block: Other             |       |       |       |    61 ||    61
       Reflection        |       |       |       |     1 ||     1
